 Dungeon Crawl Stone Soup version 0.28-a0-1152-g9c71ebef14 (webtiles) character file.

Game seed: 5449771678480857435

48 spaghetti the Sneak (level 3, -2/27 HPs)
             Began as an Octopode Delver on Dec 14, 2021.
             Slain by a gnoll (10 damage)
             ... on level 5 of the Dungeon.
             The game lasted 00:00:30 (458 turns).

spaghetti the Sneak (Octopode Delver)                Turns: 458, Time: 00:00:31

Health: -2/27      AC:  1    Str: 11    XL:     3   Next: 72%
Magic:  3/3        EV: 13    Int: 14    God:
Gold:   39         SH:  0    Dex: 13    Spells: 2/2 levels left

rFire   . . .      SeeInvis .   a - +0 hand axe {axe}
rCold   . . .      Faith    .   (no shield)
rNeg    . . .      Spirit   .   (helmet restricted)
rPois   .          Reflect  .   (no amulet)
rElec   .          Harm     .   (no ring)
rCorr   .          Rampage  .   (no ring)
Will    .....                   (no ring)
Stlth   ++++......              (no ring)
HPRegen 0.09/turn               (no ring)
MPRegen 0.08/turn               (no ring)
                                (no ring)
                                (no ring)

@: no status effects
A: almost no armour, amphibious, 8 rings, camouflage 1, gelatinous body 1,
(nimble swimmer 1), tentacles
a: no special abilities


You were on level 5 of the Dungeon.
You visited 1 branch of the dungeon, and saw 3 of its levels.

You collected 39 gold pieces.


Innate Abilities, Weirdness & Mutations

You cannot wear most types of armour.
You are amphibious.
You can wear up to eight rings at the same time.
Your skin changes colour to match your surroundings (Stealth+).
Your rubbery body absorbs attacks. (AC +1, EV +1)
((You are camouflaged near water. (Stealth+)))
You have tentacles for arms and can constrict up to eight enemies at once.


   Skills:
 + Level 4.6 Fighting
 - Level 2.0 Axes
 - Level 2.0 Dodging
 - Level 6.6 Stealth


You had 2 spell levels left.
You didn't know any spells.
Your spell library was empty.

Inventory:

Hand Weapons
 a - a +0 hand axe (weapon) {axe}
Missiles
 h - 19 poisoned darts (quivered) {throwing}
Wands
 f - a wand of digging (3)
Scrolls
 b - a scroll of fog
 c - a scroll of magic mapping {!r}
 d - a scroll of fear
Potions
 e - a potion of haste {@q3}
 g - a potion of heal wounds {@q2}

Dungeon Overview and Level Annotations

Branches:
Dungeon (6/15)
 Temple: D:4-7

Altars:
Xom

############ #...........
#####.#...#######
####+####.....#<.........
#....ggg@.......#........
......g##.....#.....#####
....... #.....#..........
.###### #.....#...#.#####
#.....#.#.#.#
#.....#.#.#.#
#####.#.#.#.# #########
#.#.#.#.#
........#####.#.#.#.#####


You could see a gnoll sergeant and 3 gnolls.


Message History

Found an escape hatch in the ceiling.
There is an escape hatch in the ceiling here.
Found an escape hatch in the floor.
No target in view!
There is an escape hatch in the floor here.
You now have 19 gold pieces (gained 5).
h - 19 poisoned darts {throwing} You open the door.
There is an open door here.
A bullfrog zombie comes into view.
A bullfrog zombie is nearby!
You hit the bullfrog zombie. You grab the bullfrog zombie.
You constrict the bullfrog zombie. The bullfrog zombie hits you.
The bullfrog zombie closely misses you. 😕 HP[-1]
You take 1 damage, and now have 15/16 hp.
You hit the bullfrog zombie. You constrict the bullfrog zombie.
The bullfrog zombie hits you. 😮 HP[-4]
You take 4 damage, and now have 11/16 hp.
MASSIVE DAMAGE!! (PAUSE)
You hit the bullfrog zombie. You constrict the bullfrog zombie.
The bullfrog zombie barely misses you. The bullfrog zombie hits you.
* * * LOW HITPOINT WARNING * * *
😨 HP[-5]
You take 5 damage, and now have 6/16 hp.
MASSIVE DAMAGE!! (PAUSE) Unknown command.
You hit the bullfrog zombie. You constrict the bullfrog zombie.
The bullfrog zombie barely misses you.
The bullfrog zombie misses you. 😨 HP[+1]
You hit the bullfrog zombie. You constrict the bullfrog zombie.
The bullfrog zombie hits you.
* * * LOW HITPOINT WARNING * * *
😱 HP[-4]
You take 4 damage, and now have 3/16 hp.
MASSIVE DAMAGE!! (PAUSE) Unknown command.
You slash the bullfrog zombie!
You destroy the bullfrog zombie!
Your Fighting skill increases to level 4!
You have reached level 2!
You have reached level 3!
Your experience leads to an increase in your attributes!
Increase (S)trength, (I)ntelligence, or (D)exterity?
You feel clever. x2 😱 HP[+2] MP[+2]
You now have 27 max hp (+11).
You regained 2 hp, and now have 5/27 hp.
Your mp is fully restored (3).
You start resting. 😎 HP[+22]
Your hp is fully restored (27).
Found a stone staircase leading down.
Found a stone staircase leading up.
You now have 39 gold pieces (gained 20).
A gnoll comes into view. It is wielding a +0 whip.
There is a stone staircase leading up here.
You climb upwards.
The ogre shouts!
There is a stone staircase leading down here.
Unknown command.
Unknown command.
Okay, then.
You climb downwards.
There is a stone staircase leading up here.
A gnoll is nearby!
A gnoll comes into view. It is wielding a +0 halberd.
The gnoll shouts!
You hear a shout! x2
A gnoll sergeant comes into view. It is wielding a +1 vorpal spear.
The gnoll sergeant shouts!
A gnoll comes into view. It is wielding a +0 whip.
The gnoll shouts!
A gnoll comes into view. It is wielding a +0 spear.
The gnoll shouts!
You hit the gnoll. You grab the gnoll. You squeeze the gnoll!
You constrict the gnoll. The gnoll misses you.
You hit the gnoll but do no damage. You constrict the gnoll.
You kill the gnoll!
The gnoll closely misses you. The gnoll misses you.
Things that are here:
a +0 whip {mace}; a gnoll corpse You hit the gnoll.
You grab the gnoll. You squeeze the gnoll.
You constrict the gnoll, but do no damage.
The gnoll sergeant hits you from afar with a +1 vorpal spear.
The gnoll completely misses you. The gnoll hits you with a +0 whip!
The gnoll sergeant hits you from afar with a +1 vorpal spear.
* * * LOW HITPOINT WARNING * * *
x2 You are too injured to fight recklessly!
You are too injured to fight recklessly! 😨 HP[-20]
You take 20 damage, and now have 7/27 hp.
MASSIVE DAMAGE!! (PAUSE) Unknown command.
You release your grip on the gnoll. 😨 HP[+1]
You barely miss the gnoll. You grab the gnoll.
You constrict the gnoll, but do no damage.
The gnoll hits you from afar with a +0 halberd!
You die...

Skill      XL: |  1 |
---------------+----+-----
Fighting       | 4 |  4.6
Axes           | |  2.0
Dodging        | |  2.0
Stealth        | |  6.6

Action                   || total
-------------------------++-------
Melee: Hand axe          ||    12
       Constrict         ||     4
       Tentacles         ||     3
  Use: Potion            ||     1
 Stab: Sleeping          ||     1
Dodge: Dodged            ||    12

Levels and vault maps discovered:
D:4:      layout_cave_pools, mainiacjoe_overflow_big_doors,
          minmay_temple_entry_butterflies, kennysheep_dice, uniq_natasha
D:5:      layout_basic, xom_redecorated, kennysheep_generic_room_9,
          uniq_sigmund, uniq_prince_ribbit1
D:6:      layout_loops_cross, nicolae_sif_muna_condensation,
          kennysheep_opposing_triangles

Notes
Turn   | Place    | Note
-------+----------+-------------------------------------------
     0 | D:5      | spaghetti the Octopode Delver began the quest for the Orb.
     0 | D:5      | Reached XP level 1. HP: 16/16 MP: 1/1
     0 | D:5      | magus.rc [v1.9.6]
    21 | D:6      | Noticed an orc wizard
    27 | D:5      | Found a shimmering altar of Xom.
    37 | D:5      | Found a shimmering altar of Xom.
    39 | D:5      | Found a shimmering altar of Xom.
    39 | D:5      | Found a shimmering altar of Xom.
    39 | D:5      | Found a shimmering altar of Xom.
    42 | D:5      | Found a shimmering altar of Xom.
   159 | D:5      | HP: 3/16 [bullfrog zombie (4)]
   161 | D:5      | Reached skill level 4 in Fighting
   161 | D:5      | Reached XP level 2. HP: 4/23 MP: 2/2
   161 | D:5      | Reached XP level 3. HP: 5/27 MP: 3/3
   443 | D:4      | Noticed an ogre
   451 | D:5      | Noticed a gnoll sergeant
   458 | D:5      | Slain by a gnoll

Vanquished Creatures
  A bullfrog zombie (D:5)
  A gnoll (D:5)
  An ufetubus (D:5)
3 creatures vanquished.

Table legend:
 A = Non-vault XP
 B = Vault XP
 C = Vault XP percentage of total XP
 D = Non-vault monster count
 E = Vault monster count
 F = Vault count percentage of total count
                 A         B        C        D         E       F
            +---------+---------+-------+---------+---------+-------
      Total |      69 |       0 |   0.0 |       3 |       0 |   0.0
            +---------+---------+-------+---------+---------+-------
        D:5 |      69 |       0 |   0.0 |       3 |       0 |   0.0
            +---------+---------+-------+---------+---------+-------

Illustrated notes

Table legend:
 A = Kills in this place as a percentage of kills in entire the game.
 B = Kills by you in this place as a percentage of kills by you in the entire game.
 C = Kills by friends in this place as a percentage of kills by friends in the entire game.
 D = Other kills in this place as a percentage of other kills in the entire game.
 E = Experience gained in this place as a percentage of experience gained in the entire game.
 F = Experience gained in this place divided by the number of levels of this place that you have seen.
                   A       B       C       D       E      F
               +-------+-------+-------+-------+-------+----------------------
         Total | 100.0 | 100.0 |   N/A |   N/A | 100.0 |  23.0
       Dungeon | 100.0 | 100.0 |   N/A |   N/A | 100.0 |  23.0
               +-------+-------+-------+-------+-------+----------------------

Table legend: (Time is in decaauts)
 A = Elapsed time spent in this place.
 B = Non-inter-level travel time spent in this place.
 C = Inter-level travel time spent in this place.
 D = Time resting spent in this place.
 E = Time spent auto-exploring this place.
 F = Levels seen in this place.
 G = Mean time per level.
                   A        B        C        D        E       F      G
               +--------+--------+--------+--------+--------+-----+--------+
         Total |    460 |    450 |     10 |    242 |    158 |   3 |  153.3 |
       Dungeon |    460 |    450 |     10 |    242 |    158 |   3 |  153.3 |
               +--------+--------+--------+--------+--------+-----+--------+

Top non-repeatable levels by time:
     D:5: 457 daAuts
     D:6: 1 daAuts
     D:4: 1 daAuts
